AoeStats
← [BOG]#Der Benzinpreisvergleicher

Black Forest

509369722Analyzed
2v2 RM · 6d ago on Sep 26, 2026· 76m 13s· 4 players
Game mode
Random Map
Map size
Medium (4 player)
Population
200
Speed
Normal
Resources
Standard
Victory
Conquest
Starting age
Dark Age
Ending age
Imperial Age
RankedLock teamsTeams togetherTeam positionsShared explorationLock speedFull tech treeHidden civsTurbo modeCheats
Victory
Defeat
🇩🇪 Mongols · Germany
818
+11
735
+21
🇨🇱 Italians · Chile
715
-13
🇨🇱 Spanish · Chile
704
-13
CR7
12:07 Feudal Age
13:12 Loom
14:06 Double-Bit Axe
20:09 Castle Age
18:31 Gold Mining
18:24 Horse Collar
19:49 Stone Mining
23:23 Bow Saw
23:18 Heavy Plow
29:05 Wheelbarrow
32:22 Imperial Age
32:28 Imperial Age
32:44 Hand Cart
32:15 Town Watch
32:59 Husbandry
33:10 Bloodlines
33:12 Forging
33:08 Scale Barding Armor
32:46 Cavalier
36:15 Two-Man Saw
38:21 Chemistry
37:33 Onager
38:47 Caravan
39:18 Paladin
41:51 Conscription
42:16 Hoardings
42:58 Iron Casting
42:45 Chain Barding Armor
44:25 Fortified Wall
45:21 Elite Skirmisher
46:08 Thumb Ring
46:41 Plate Barding Armor
47:07 Blast Furnace
45:58 Fletching
46:10 Padded Archer Armor
48:47 Ballistics
62:07 Squires
61:53 Arson
61:53 Gambesons
62:05 Bodkin Arrow
62:26 Leather Archer Armor
62:12 Scale Mail Armor
66:31 Elite Conquistador
michael_diaz_2
0:35 Loom
14:14 Feudal Age
15:06 Double-Bit Axe
20:45 Castle Age
20:53 Castle Age
20:52 Fletching
21:02 Padded Archer Armor
21:41 Wheelbarrow
20:53 Town Watch
27:13 Bow Saw
27:36 Horse Collar
31:30 Heavy Plow
32:19 Ballistics
31:54 Murder Holes
31:52 Heated Shot
32:13 Fortified Wall
31:56 Guard Tower
31:47 Treadmill Crane
32:12 Herbal Medicine
32:14 Stone Mining
35:31 Imperial Age
33:02 Murder Holes
33:59 Gold Mining
33:40 Pikeman
34:20 Squires
34:06 Arson
35:23 Bodkin Arrow
35:43 Leather Archer Armor
35:35 Heated Shot
35:36 Guard Tower
35:28 Treadmill Crane
35:27 Crossbowman
35:30 Elite Skirmisher
36:55 Stone Shaft Mining
38:05 Chemistry
38:22 Crop Rotation
38:30 Conscription
40:03 Hoardings
44:29 Bracer
44:59 Ring Archer Armor
44:48 Bloodlines
44:39 Husbandry
44:00 Light Cavalry
45:38 Keep
44:50 Arrowslits
45:28 Bombard Tower
45:36 Hand Cart
47:26 Forging
50:33 Scale Barding Armor
51:29 Iron Casting
50:55 Scale Mail Armor
54:30 Hussar
56:20 Chain Barding Armor
57:39 Cavalier
67:30 Arbalester
68:15 Thumb Ring
Hopser
8:38 Loom
11:52 Feudal Age
14:40 Double-Bit Axe
21:47 Castle Age
20:25 Wheelbarrow
25:42 Bow Saw
25:16 Horse Collar
28:16 Hand Cart
28:41 Heavy Plow
35:35 Imperial Age
34:29 Padded Archer Armor
34:20 Fletching
34:45 Scale Barding Armor
34:40 Padded Archer Armor
36:45 Gold Mining
37:17 Elite Mangudai
39:16 Conscription
39:14 Caravan
41:09 Bodkin Arrow
41:30 Leather Archer Armor
41:42 Ballistics
41:18 Guard Tower
41:38 Siege Engineers
41:44 Masonry
41:29 Murder Holes
41:45 Fortified Wall
43:31 Pikeman
44:14 Squires
47:56 Capped Ram
47:56 Onager
47:57 Heavy Scorpion
52:54 Siege Onager
52:55 Siege Ram
67:20 Town Watch
74:06 Coinage
74:11 Bracer
74:34 Chain Barding Armor
74:15 Scale Mail Armor
74:26 Forging
74:35 Nomads
74:55 Drill
74:42 Nomads
74:54 Husbandry
75:05 Bloodlines
74:44 Heavy Camel Rider
[BOG]#Der Benzinpreisvergleicher
13:19 Feudal Age
17:30 Castle Age
16:10 Double-Bit Axe
17:24 Wheelbarrow
22:36 Imperial Age
22:32 Stone Mining
23:05 Gold Mining
24:27 Stone Shaft Mining
24:12 Town Watch
24:56 Fletching
26:01 Town Patrol
27:29 Bodkin Arrow
28:27 Town Patrol
29:42 Conscription
31:43 Chemistry
30:59 Bow Saw
30:20 Elite Organ Gun
31:30 Treadmill Crane
31:55 Siege Engineers
33:17 Masonry
34:36 Two-Man Saw
34:36 Bombard Tower
35:10 Bracer
37:07 Arquebus
39:17 Architecture
39:12 Ballistics
46:34 Coinage
46:14 Guilds
46:05 Murder Holes
46:22 Fortified Wall
50:22 Banking
Connection lost

Rejoining the realm…

Still unreachable

The connection could not be restored.

Session expired

The server has moved on; the page needs a fresh start.